[ AOE2 MATCH · #477487702 ]
UnrankedBohemians vs Britons
[ REPLAY ANALYSIS · EXTRACTED FROM THE RECORDED GAME ]
Feudal
11:34
Castle
29:17
Imperial
35:48
| APM avg | 9.5 |
| APM peak | 33 |
| eAPM avg | 7.0 |
| Villagers / military | 100 / 27 |
Focus
⚔️ 13.3% · 🌾 86.7%
Trade Cart ×44 · Scorpion ×20 · Bombard Cannon ×6 · Monk ×1
Feudal
12:42
Castle
17:02
Imperial
32:48
| APM avg | 27.6 |
| APM peak | 92 |
| eAPM avg | 16.2 |
| Villagers / military | 93 / 290 |
Focus
⚔️ 47.4% · 🌾 52.6%
Longbowman ×159 · Scout Cavalry ×82 · Spearman ×48 · Trade Cart ×29 · Trebuchet (Packed) ×1
Feudal
11:00
Castle
22:39
Imperial
46:07
| APM avg | 10.8 |
| APM peak | 53 |
| eAPM avg | 6.8 |
| Villagers / military | 109 / 6 |
Focus
⚔️ 15.5% · 🌾 84.5%
Elephant Archer ×5 · Monk ×1
Feudal
12:22
Castle
21:19
Imperial
32:27
| APM avg | 21.2 |
| APM peak | 84 |
| eAPM avg | 12.9 |
| Villagers / military | 158 / 93 |
Focus
⚔️ 25.2% · 🌾 74.8%
Teutonic Knight ×49 · Militia ×43 · Trade Cart ×16 · Monk ×1
Feudal
13:32
Castle
17:29
Imperial
33:45
| APM avg | 29.6 |
| APM peak | 129 |
| eAPM avg | 24.4 |
| Villagers / military | 185 / 124 |
Focus
⚔️ 15.2% · 🌾 84.8%
Ballista Elephant ×45 · Knight ×40 · Scorpion ×23 · Mangonel ×14 · Trade Cart ×13 · Trebuchet (Packed) ×2
Feudal
13:39
Castle
20:10
Imperial
34:23
| APM avg | 29.9 |
| APM peak | 59 |
| eAPM avg | 19.5 |
| Villagers / military | 123 / 303 |
Focus
⚔️ 23.6% · 🌾 76.4%
Spearman ×282 · Bombard Cannon ×19 · Trade Cart ×4 · Monk ×2
Feudal
16:56
Castle
22:03
Imperial
37:41
| APM avg | 13.2 |
| APM peak | 39 |
| eAPM avg | 9.9 |
| Villagers / military | 108 / 204 |
Focus
⚔️ 33.1% · 🌾 66.9%
Scout Cavalry ×189 · Mangudai ×14 · Trade Cart ×4 · Monk ×1
Feudal
12:41
Castle
20:45
Imperial
36:19
| APM avg | 14.1 |
| APM peak | 42 |
| eAPM avg | 10.7 |
| Villagers / military | 124 / 95 |
Focus
⚔️ 21.5% · 🌾 78.5%
Scorpion ×84 · Trade Cart ×75 · Battering Ram ×7 · Monk ×4
Match map
Initial resources + every placement click. Lines = walls · curves = elevation contours. ◆ gold · ⬟ stone · ● berries · ✦ relic · ◌ wall gap
Your base· ✓ Closed at 29:17 · 0t walls · no gate
Sky_二哥's base· ✓ Closed at 17:02 · 41t walls · 1 gate(s)
大岩蛇变硬's base· ✓ Closed at 22:39 · 70t walls · 1 gate(s)
Azula's base· ✓ Closed at 21:19 · 29t walls · 1 gate(s)
ALANB's base· ✓ Closed at 17:29 · 0t walls · no gate
wm_1938's base· ✓ Closed at 20:10 · 51t walls · 2 gate(s)
完者都汗's base· ✓ Closed at 22:03 · 0t walls · no gate
JEAN POUL's base· ✓ Closed at 20:45 · 0t walls · no gate
Smoothed initial terrain · ◌ = detected wall gap · hover for details
Inputs per minute
— 169198821 - - Sky_二哥
Build order — 169198821
First 150 of 285 actions detected
| 0:01 | Create | Villager (Male) |
| 0:01 | Create | Villager (Male) |
| 0:03 | Build | House |
| 0:05 | Build | House |
| 0:31 | Create | Villager (Male) |
| 0:32 | Create | Villager (Male) |
| 1:33 | Create | Villager (Male) |
| 2:06 | Create | Villager (Male) |
| 2:07 | Create | Villager (Male) |
| 2:13 | Create | Villager (Male) |
| 2:13 | Create | Villager (Male) |
| 2:55 | Create | Villager (Male) |
| 3:09 | Create | Villager (Male) |
| 3:28 | Build | House |
| 3:29 | Build | House |
| 3:44 | Create | Villager (Male) |
| 3:51 | Create | Villager (Male) |
| 3:51 | Create | Villager (Male) |
| 4:27 | Build | Lumber Camp |
| 4:32 | Create | Villager (Male) |
| 5:11 | Create | Villager (Male) |
| 5:12 | Create | Villager (Male) |
| 5:12 | Create | Villager (Male) |
| 5:42 | Build | Mill |
| 5:50 | Create | Villager (Male) |
| 5:50 | Create | Villager (Male) |
| 6:06 | Create | Villager (Male) |
| 6:06 | Create | Villager (Male) |
| 6:43 | Research | Loom |
| 7:18 | Create | Villager (Male) |
| 7:19 | Create | Villager (Male) |
| 7:19 | Create | Villager (Male) |
| 7:19 | Create | Villager (Male) |
| 8:19 | Build | House |
| 8:20 | Build | House |
| 8:21 | Build | House |
| 8:41 | Create | Villager (Male) |
| 9:13 | Research | Feudal Age |
| 9:18 | Build | Mill |
| 9:56 | Build | House |
| 9:58 | Build | House |
| 10:54 | Create | Villager (Male) |
| 10:54 | Create | Villager (Male) |
| 11:34 | Age | Feudal Age |
| 11:42 | Build | Lumber Camp |
| 11:50 | Create | Villager (Male) |
| 11:51 | Create | Villager (Male) |
| 12:40 | Build | Market |
| 12:48 | Build | Mining Camp |
| 12:56 | Create | Villager (Male) |
| 12:56 | Create | Villager (Male) |
| 13:07 | Build | Market |
| 13:17 | Create | Villager (Male) |
| 13:20 | Research | Horse Collar |
| 13:51 | Research | Double-Bit Axe |
| 14:13 | Create | Villager (Male) |
| 14:13 | Create | Villager (Male) |
| 14:57 | Create | Villager (Male) |
| 14:57 | Create | Villager (Male) |
| 15:52 | Create | Villager (Male) |
| 15:58 | Create | Trade Cart |
| 15:59 | Create | Trade Cart |
| 15:59 | Create | Trade Cart |
| 16:00 | Create | Trade Cart |
| 16:06 | Create | Villager (Male) |
| 16:52 | Create | Villager (Male) |
| 16:53 | Create | Villager (Male) |
| 16:55 | Create | Villager (Male) |
| 16:57 | Create | Trade Cart |
| 16:58 | Create | Trade Cart |
| 16:58 | Create | Trade Cart |
| 16:58 | Create | Trade Cart |
| 16:58 | Create | Trade Cart |
| 17:03 | Build | House |
| 17:05 | Build | House |
| 17:07 | Build | House |
| 17:08 | Build | House |
| 17:09 | Build | House |
| 17:33 | Create | Villager (Male) |
| 17:35 | Create | Trade Cart |
| 17:35 | Create | Trade Cart |
| 17:41 | Build | Farm |
| 17:41 | Build | Farm |
| 17:43 | Build | Farm |
| 17:44 | Build | Farm |
| 17:46 | Build | Farm |
| 17:47 | Build | Farm |
| 17:49 | Build | Farm |
| 17:49 | Build | Farm |
| 17:57 | Create | Villager (Male) |
| 18:47 | Create | Trade Cart |
| 18:47 | Create | Trade Cart |
| 18:48 | Create | Trade Cart |
| 18:49 | Create | Villager (Male) |
| 18:49 | Create | Villager (Male) |
| 18:50 | Create | Villager (Male) |
| 19:17 | Research | Wheelbarrow |
| 19:20 | Create | Trade Cart |
| 19:20 | Create | Trade Cart |
| 19:49 | Build | House |
| 19:51 | Build | House |
| 19:51 | Build | House |
| 19:52 | Build | House |
| 19:54 | Create | Villager (Male) |
| 19:55 | Create | Trade Cart |
| 19:55 | Create | Trade Cart |
| 19:55 | Create | Trade Cart |
| 19:56 | Create | Trade Cart |
| 19:57 | Create | Villager (Male) |
| 19:57 | Create | Villager (Male) |
| 20:01 | Create | Villager (Male) |
| 20:02 | Create | Villager (Male) |
| 20:20 | Create | Villager (Male) |
| 20:21 | Create | Villager (Male) |
| 20:31 | Build | Mining Camp |
| 20:43 | Create | Trade Cart |
| 20:43 | Create | Trade Cart |
| 20:43 | Create | Trade Cart |
| 21:20 | Create | Trade Cart |
| 21:20 | Create | Trade Cart |
| 21:20 | Create | Trade Cart |
| 21:22 | Create | Villager (Male) |
| 21:22 | Create | Villager (Male) |
| 21:22 | Create | Villager (Male) |
| 21:30 | Build | House |
| 21:31 | Build | House |
| 21:32 | Build | House |
| 21:33 | Build | House |
| 21:34 | Build | House |
| 21:35 | Build | House |
| 21:36 | Build | House |
| 21:48 | Create | Villager (Male) |
| 21:49 | Create | Villager (Male) |
| 21:59 | Create | Trade Cart |
| 21:59 | Create | Trade Cart |
| 22:14 | Create | Trade Cart |
| 22:30 | Create | Trade Cart |
| 22:44 | Create | Trade Cart |
| 22:44 | Create | Trade Cart |
| 23:08 | Create | Trade Cart |
| 23:24 | Create | Trade Cart |
| 23:37 | Create | Trade Cart |
| 23:57 | Create | Trade Cart |
| 24:14 | Build | Farm |
| 24:16 | Build | Farm |
| 24:17 | Build | Farm |
| 24:18 | Build | Farm |
| 24:20 | Build | Farm |
| 24:22 | Create | Trade Cart |
| 24:22 | Create | Trade Cart |
Build order — Sky_二哥
First 150 of 584 actions detected
| 0:02 | Create | Villager (Male) |
| 0:02 | Create | Villager (Male) |
| 0:03 | Create | Villager (Male) |
| 0:04 | Build | House |
| 0:07 | Build | House |
| 0:22 | Create | Villager (Male) |
| 1:17 | Create | Villager (Male) |
| 1:42 | Create | Villager (Male) |
| 2:04 | Create | Villager (Male) |
| 3:01 | Create | Villager (Male) |
| 3:03 | Create | Villager (Male) |
| 3:23 | Build | Lumber Camp |
| 3:40 | Create | Villager (Male) |
| 4:13 | Create | Villager (Male) |
| 4:14 | Create | Villager (Male) |
| 4:24 | Build | House |
| 4:27 | Build | House |
| 4:35 | Create | Villager (Male) |
| 4:41 | Research | Loom |
| 4:41 | Create | Villager (Male) |
| 4:41 | Create | Villager (Male) |
| 5:40 | Build | Mill |
| 5:44 | Create | Villager (Male) |
| 5:58 | Create | Villager (Male) |
| 5:59 | Create | Villager (Male) |
| 5:59 | Create | Villager (Male) |
| 5:59 | Create | Villager (Male) |
| 6:59 | Build | House |
| 7:15 | Build | House |
| 7:21 | Create | Villager (Male) |
| 8:06 | Create | Villager (Male) |
| 8:07 | Create | Villager (Male) |
| 8:07 | Create | Villager (Male) |
| 8:55 | Create | Villager (Male) |
| 8:55 | Create | Villager (Male) |
| 9:00 | Build | Mining Camp |
| 10:10 | Research | Feudal Age |
| 10:24 | Build | Farm |
| 10:28 | Build | Farm |
| 11:15 | Create | Villager (Male) |
| 11:15 | Create | Villager (Male) |
| 11:15 | Create | Villager (Male) |
| 11:20 | Build | Farm |
| 11:28 | Build | Farm |
| 11:42 | Build | Farm |
| 11:46 | Build | Farm |
| 11:48 | Build | Farm |
| 11:51 | Build | Farm |
| 12:09 | Build | House |
| 12:12 | Build | House |
| 12:42 | Age | Feudal Age |
| 12:46 | Build | Market |
| 12:56 | Build | Blacksmith |
| 13:34 | Build | Mining Camp |
| 13:59 | Build | Gate |
| 14:11 | Build | Stone Wall |
| 14:17 | Build | Stone Wall |
| 14:22 | Research | Castle Age |
| 14:41 | Research | Double-Bit Axe |
| 14:46 | Research | Horse Collar |
| 16:01 | Build | Stone Wall |
| 16:20 | Research | Fletching |
| 17:02 | Age | Castle Age |
| 17:08 | Create | Villager (Male) |
| 17:08 | Create | Villager (Male) |
| 17:09 | Create | Villager (Male) |
| 17:09 | Create | Villager (Male) |
| 17:10 | Create | Villager (Male) |
| 17:25 | Create | Trade Cart |
| 17:25 | Create | Trade Cart |
| 17:33 | Build | Town Center |
| 17:37 | Create | Villager (Male) |
| 17:38 | Create | Villager (Male) |
| 17:38 | Create | Villager (Male) |
| 17:38 | Create | Villager (Male) |
| 17:42 | Research | Bow Saw |
| 17:57 | Research | Heavy Plow |
| 18:00 | Create | Villager (Male) |
| 18:19 | Build | Mining Camp |
| 18:26 | Create | Trade Cart |
| 18:54 | Create | Villager (Male) |
| 18:59 | Create | Villager (Male) |
| 18:59 | Create | Villager (Male) |
| 18:59 | Create | Villager (Male) |
| 19:05 | Build | Farm |
| 19:08 | Build | Farm |
| 19:11 | Create | Villager (Male) |
| 19:22 | Build | Mining Camp |
| 19:27 | Create | Villager (Male) |
| 19:52 | Create | Trade Cart |
| 19:56 | Create | Villager (Male) |
| 20:00 | Build | Farm |
| 20:05 | Build | Farm |
| 20:08 | Create | Villager (Male) |
| 20:20 | Create | Trade Cart |
| 20:23 | Create | Villager (Male) |
| 20:33 | Create | Villager (Male) |
| 20:44 | Build | Farm |
| 20:52 | Build | Lumber Camp |
| 21:03 | Build | Farm |
| 21:10 | Build | House |
| 21:12 | Build | House |
| 21:30 | Create | Villager (Male) |
| 21:30 | Create | Villager (Male) |
| 21:30 | Create | Villager (Male) |
| 21:33 | Create | Villager (Male) |
| 21:56 | Build | Town Center |
| 21:59 | Create | Villager (Male) |
| 22:12 | Build | House |
| 22:14 | Build | House |
| 22:15 | Build | House |
| 22:16 | Build | House |
| 22:17 | Build | House |
| 22:18 | Build | House |
| 22:20 | Build | House |
| 22:25 | Build | House |
| 22:27 | Build | Farm |
| 22:31 | Create | Villager (Male) |
| 22:31 | Create | Villager (Male) |
| 22:36 | Create | Villager (Male) |
| 22:36 | Create | Villager (Male) |
| 22:52 | Build | Castle |
| 22:58 | Build | Mining Camp |
| 23:04 | Create | Villager (Male) |
| 23:06 | Create | Villager (Male) |
| 23:07 | Create | Villager (Male) |
| 23:08 | Create | Villager (Male) |
| 23:08 | Create | Villager (Male) |
| 23:14 | Build | Farm |
| 23:16 | Create | Trade Cart |
| 23:34 | Create | Villager (Male) |
| 23:49 | Build | Mining Camp |
| 23:55 | Build | Farm |
| 23:56 | Build | Farm |
| 24:00 | Build | Farm |
| 24:01 | Create | Villager (Male) |
| 24:08 | Research | Wheelbarrow |
| 24:13 | Create | Villager (Male) |
| 24:21 | Build | Lumber Camp |
| 24:26 | Create | Villager (Male) |
| 24:31 | Create | Villager (Male) |
| 24:37 | Create | Trade Cart |
| 24:50 | Create | Villager (Male) |
| 24:57 | Create | Villager (Male) |
| 25:06 | Create | Villager (Male) |
| 25:12 | Build | Farm |
| 25:19 | Create | Trade Cart |
| 25:23 | Create | Villager (Male) |
| 25:33 | Build | Farm |
| 25:34 | Build | Farm |
Build order — 大岩蛇变硬
First 150 of 217 actions detected
| 0:05 | Create | Villager (Male) |
| 0:05 | Create | Villager (Male) |
| 0:08 | Build | House |
| 0:13 | Build | House |
| 0:43 | Create | Villager (Male) |
| 0:44 | Create | Villager (Male) |
| 1:37 | Create | Villager (Male) |
| 1:37 | Create | Villager (Male) |
| 2:21 | Create | Villager (Male) |
| 2:28 | Create | Villager (Male) |
| 3:09 | Create | Villager (Male) |
| 3:21 | Create | Villager (Male) |
| 3:30 | Create | Villager (Male) |
| 4:00 | Create | Villager (Male) |
| 4:11 | Build | Lumber Camp |
| 4:14 | Create | Villager (Male) |
| 4:42 | Create | Villager (Male) |
| 5:08 | Build | Palisade Wall |
| 5:18 | Build | Palisade Wall |
| 5:51 | Create | Villager (Male) |
| 5:59 | Research | Loom |
| 6:19 | Create | Villager (Male) |
| 6:24 | Build | House |
| 7:23 | Build | Palisade Wall |
| 7:28 | Create | Villager (Male) |
| 7:57 | Create | Villager (Male) |
| 8:03 | Build | Mill |
| 8:12 | Create | Villager (Male) |
| 8:46 | Create | Villager (Male) |
| 8:50 | Research | Feudal Age |
| 10:58 | Build | Palisade Wall |
| 11:00 | Age | Feudal Age |
| 11:32 | Build | Watch Tower |
| 11:43 | Create | Villager (Male) |
| 11:44 | Create | Villager (Male) |
| 12:18 | Build | Palisade Wall |
| 12:25 | Build | Palisade Wall |
| 12:35 | Build | Palisade Wall |
| 12:45 | Build | Palisade Wall |
| 12:50 | Create | Villager (Male) |
| 13:09 | Build | Market |
| 13:29 | Build | Blacksmith |
| 13:56 | Build | Stone Wall |
| 14:23 | Research | Wheelbarrow |
| 14:41 | Build | Farm |
| 14:42 | Build | Farm |
| 14:43 | Build | Farm |
| 14:44 | Build | Farm |
| 14:45 | Build | Farm |
| 14:54 | Create | Villager (Male) |
| 15:04 | Build | Mining Camp |
| 15:28 | Build | Gate |
| 15:47 | Research | Town Watch |
| 15:55 | Build | House |
| 16:14 | Build | Stone Wall |
| 16:57 | Build | Mining Camp |
| 17:28 | Build | Barracks |
| 17:33 | Create | Villager (Male) |
| 17:38 | Create | Villager (Male) |
| 18:05 | Build | House |
| 18:13 | Build | House |
| 18:31 | Build | Stone Wall |
| 18:39 | Create | Villager (Male) |
| 19:09 | Create | Villager (Male) |
| 19:10 | Create | Villager (Male) |
| 19:45 | Research | Castle Age |
| 20:02 | Build | Farm |
| 20:03 | Build | Farm |
| 20:04 | Build | Farm |
| 20:08 | Research | Horse Collar |
| 20:10 | Research | Double-Bit Axe |
| 20:27 | Create | Villager (Male) |
| 21:10 | Build | Mining Camp |
| 21:49 | Research | Stone Mining |
| 22:01 | Research | Gold Mining |
| 22:09 | Research | Gold Mining |
| 22:35 | Create | Villager (Male) |
| 22:39 | Age | Castle Age |
| 23:13 | Build | Town Center |
| 23:53 | Create | Villager (Male) |
| 24:18 | Create | Villager (Male) |
| 24:29 | Create | Villager (Male) |
| 24:39 | Create | Villager (Male) |
| 24:56 | Create | Villager (Male) |
| 24:57 | Create | Villager (Male) |
| 25:27 | Build | Town Center |
| 25:38 | Create | Villager (Male) |
| 25:39 | Create | Villager (Male) |
| 25:44 | Build | Farm |
| 25:52 | Build | Farm |
| 26:07 | Create | Villager (Male) |
| 26:07 | Create | Villager (Male) |
| 26:13 | Research | Bow Saw |
| 26:26 | Build | House |
| 26:27 | Build | House |
| 27:22 | Build | Monastery |
| 27:29 | Create | Villager (Male) |
| 27:30 | Create | Villager (Male) |
| 27:30 | Create | Villager (Male) |
| 27:32 | Create | Villager (Male) |
| 27:42 | Build | Farm |
| 27:42 | Build | Farm |
| 27:43 | Build | Farm |
| 27:44 | Build | Farm |
| 27:45 | Build | Farm |
| 27:46 | Build | Farm |
| 27:51 | Create | Villager (Male) |
| 27:51 | Create | Villager (Male) |
| 28:58 | Build | Castle |
| 29:07 | Create | Villager (Male) |
| 29:17 | Research | Heavy Plow |
| 29:17 | Research | Heavy Plow |
| 29:20 | Create | Villager (Male) |
| 29:20 | Create | Villager (Male) |
| 29:21 | Create | Villager (Male) |
| 29:30 | Build | Farm |
| 29:30 | Build | Farm |
| 29:31 | Build | Farm |
| 29:37 | Build | Farm |
| 29:47 | Create | Monk |
| 30:43 | Create | Villager (Male) |
| 30:43 | Create | Villager (Male) |
| 30:43 | Create | Villager (Male) |
| 30:44 | Create | Villager (Male) |
| 31:11 | Build | Farm |
| 31:19 | Research | Hand Cart |
| 31:20 | Create | Villager (Male) |
| 31:20 | Create | Villager (Male) |
| 31:20 | Create | Villager (Male) |
| 31:20 | Create | Villager (Male) |
| 31:20 | Create | Villager (Male) |
| 32:06 | Create | Villager (Male) |
| 32:06 | Create | Villager (Male) |
| 32:07 | Create | Villager (Male) |
| 32:07 | Create | Villager (Male) |
| 32:07 | Create | Villager (Male) |
| 32:36 | Build | House |
| 32:37 | Build | House |
| 32:38 | Build | House |
| 32:40 | Build | House |
| 32:41 | Build | House |
| 32:42 | Build | House |
| 32:44 | Build | House |
| 32:45 | Build | House |
| 32:46 | Build | House |
| 32:50 | Create | Villager (Male) |
| 32:50 | Create | Villager (Male) |
| 32:50 | Create | Villager (Male) |
| 32:50 | Create | Villager (Male) |
| 32:50 | Create | Villager (Male) |
Build order — Azula
First 150 of 471 actions detected
| 0:01 | Create | Villager (Male) |
| 0:02 | Create | Villager (Male) |
| 0:02 | Create | Villager (Male) |
| 0:02 | Create | Villager (Male) |
| 0:04 | Build | House |
| 0:06 | Build | House |
| 1:29 | Create | Villager (Male) |
| 1:29 | Create | Villager (Male) |
| 2:17 | Create | Villager (Male) |
| 2:17 | Create | Villager (Male) |
| 2:17 | Create | Villager (Male) |
| 2:29 | Create | Villager (Male) |
| 2:29 | Create | Villager (Male) |
| 2:29 | Create | Villager (Male) |
| 3:07 | Create | Villager (Male) |
| 3:07 | Create | Villager (Male) |
| 3:07 | Create | Villager (Male) |
| 3:46 | Build | House |
| 3:47 | Create | Villager (Male) |
| 3:47 | Create | Villager (Male) |
| 3:47 | Create | Villager (Male) |
| 4:28 | Create | Villager (Male) |
| 4:29 | Create | Villager (Male) |
| 4:29 | Create | Villager (Male) |
| 4:58 | Create | Villager (Male) |
| 4:58 | Create | Villager (Male) |
| 5:05 | Build | Mill |
| 5:15 | Build | Lumber Camp |
| 5:18 | Create | Villager (Male) |
| 5:18 | Create | Villager (Male) |
| 5:19 | Create | Villager (Male) |
| 5:47 | Create | Villager (Male) |
| 5:48 | Create | Villager (Male) |
| 6:00 | Create | Villager (Male) |
| 6:01 | Create | Villager (Male) |
| 7:07 | Research | Loom |
| 7:22 | Build | Palisade Wall |
| 8:16 | Build | Palisade Gate |
| 10:00 | Build | Barracks |
| 10:12 | Research | Feudal Age |
| 12:19 | Create | Villager (Male) |
| 12:19 | Create | Villager (Male) |
| 12:19 | Create | Villager (Male) |
| 12:20 | Create | Villager (Male) |
| 12:22 | Age | Feudal Age |
| 12:23 | Research | Double-Bit Axe |
| 12:28 | Build | House |
| 12:28 | Build | House |
| 12:30 | Build | House |
| 12:44 | Research | Man-at-Arms (upgrade) |
| 12:51 | Build | House |
| 12:52 | Build | House |
| 12:52 | Build | House |
| 12:53 | Build | House |
| 13:26 | Research | Horse Collar |
| 13:30 | Build | Farm |
| 13:32 | Build | Farm |
| 13:33 | Build | Farm |
| 13:39 | Build | Farm |
| 13:46 | Build | Farm |
| 13:48 | Create | Villager (Male) |
| 13:48 | Create | Villager (Male) |
| 14:10 | Build | Mining Camp |
| 14:16 | Build | Blacksmith |
| 14:22 | Create | Villager (Male) |
| 14:23 | Create | Villager (Male) |
| 14:25 | Create | Villager (Male) |
| 14:49 | Create | Villager (Male) |
| 14:49 | Create | Villager (Male) |
| 15:14 | Build | Farm |
| 15:16 | Build | Farm |
| 15:24 | Build | Farm |
| 15:31 | Build | Market |
| 15:50 | Build | Farm |
| 15:51 | Create | Villager (Male) |
| 15:51 | Create | Villager (Male) |
| 16:06 | Research | Gold Mining |
| 16:18 | Build | Farm |
| 17:06 | Build | Farm |
| 17:28 | Build | Farm |
| 17:32 | Build | Farm |
| 17:41 | Build | Farm |
| 18:39 | Research | Castle Age |
| 18:39 | Research | Castle Age |
| 18:39 | Research | Castle Age |
| 19:32 | Research | Scale Mail Armor |
| 19:34 | Research | Forging |
| 20:02 | Create | Trade Cart |
| 20:02 | Create | Trade Cart |
| 20:03 | Create | Trade Cart |
| 20:34 | Build | Farm |
| 20:34 | Build | Farm |
| 20:35 | Build | Farm |
| 21:19 | Age | Castle Age |
| 21:21 | Build | Town Center |
| 21:29 | Build | Farm |
| 21:31 | Build | Farm |
| 22:04 | Create | Villager (Male) |
| 22:05 | Create | Villager (Male) |
| 22:05 | Create | Villager (Male) |
| 22:05 | Create | Villager (Male) |
| 22:06 | Create | Villager (Male) |
| 22:07 | Create | Villager (Male) |
| 22:08 | Create | Villager (Male) |
| 22:28 | Create | Villager (Male) |
| 22:28 | Create | Villager (Male) |
| 22:28 | Create | Villager (Male) |
| 22:29 | Create | Villager (Male) |
| 22:31 | Create | Villager (Male) |
| 23:02 | Build | Town Center |
| 23:10 | Create | Villager (Male) |
| 23:10 | Create | Villager (Male) |
| 23:49 | Build | Farm |
| 23:51 | Create | Villager (Male) |
| 23:51 | Create | Villager (Male) |
| 23:59 | Create | Villager (Male) |
| 23:59 | Create | Villager (Male) |
| 24:24 | Research | Bow Saw |
| 24:31 | Build | Farm |
| 24:36 | Create | Villager (Male) |
| 24:36 | Create | Villager (Male) |
| 24:37 | Create | Villager (Male) |
| 24:37 | Create | Villager (Male) |
| 24:57 | Build | House |
| 24:58 | Build | House |
| 25:00 | Build | House |
| 25:02 | Build | House |
| 25:03 | Build | House |
| 25:03 | Build | House |
| 25:05 | Build | House |
| 25:12 | Create | Villager (Male) |
| 25:12 | Create | Villager (Male) |
| 25:34 | Build | Mining Camp |
| 25:36 | Create | Villager (Male) |
| 25:37 | Create | Villager (Male) |
| 25:38 | Create | Villager (Male) |
| 25:38 | Create | Villager (Male) |
| 25:39 | Create | Villager (Male) |
| 25:39 | Create | Villager (Male) |
| 25:40 | Create | Villager (Male) |
| 25:40 | Create | Villager (Male) |
| 25:41 | Create | Villager (Male) |
| 25:42 | Create | Villager (Male) |
| 25:51 | Research | Stone Mining |
| 26:13 | Build | Farm |
| 26:42 | Build | Monastery |
| 27:04 | Create | Villager (Male) |
| 27:04 | Create | Villager (Male) |
| 27:05 | Create | Villager (Male) |
| 27:05 | Create | Villager (Male) |
Build order — ALANB
First 150 of 548 actions detected
| 0:06 | Build | House |
| 0:06 | Build | House |
| 0:06 | Build | House |
| 0:06 | Build | House |
| 0:09 | Build | House |
| 0:11 | Create | Villager (Male) |
| 0:11 | Create | Villager (Male) |
| 1:17 | Create | Villager (Male) |
| 1:18 | Create | Villager (Male) |
| 1:19 | Create | Villager (Male) |
| 1:37 | Build | Lumber Camp |
| 1:51 | Create | Villager (Male) |
| 1:51 | Create | Villager (Male) |
| 2:19 | Create | Villager (Male) |
| 3:05 | Create | Villager (Male) |
| 3:36 | Create | Villager (Male) |
| 4:06 | Create | Villager (Male) |
| 4:07 | Create | Villager (Male) |
| 4:37 | Create | Villager (Male) |
| 5:07 | Create | Villager (Male) |
| 5:07 | Create | Villager (Male) |
| 5:50 | Create | Villager (Male) |
| 5:50 | Create | Villager (Male) |
| 5:53 | Create | Villager (Male) |
| 6:02 | Build | Mill |
| 6:39 | Create | Villager (Male) |
| 6:39 | Create | Villager (Male) |
| 7:12 | Create | Villager (Male) |
| 7:12 | Create | Villager (Male) |
| 7:46 | Create | Villager (Male) |
| 7:46 | Create | Villager (Male) |
| 7:50 | Create | Villager (Male) |
| 7:50 | Create | Villager (Male) |
| 7:55 | Create | Villager (Male) |
| 7:55 | Create | Villager (Male) |
| 8:10 | Build | Farm |
| 8:10 | Build | Farm |
| 8:11 | Build | Farm |
| 8:11 | Build | Farm |
| 8:13 | Build | Farm |
| 8:49 | Build | Farm |
| 8:55 | Create | Villager (Male) |
| 9:28 | Create | Villager (Male) |
| 9:31 | Create | Villager (Male) |
| 9:39 | Build | Farm |
| 9:39 | Build | Farm |
| 9:40 | Build | Farm |
| 9:40 | Build | Farm |
| 9:40 | Build | Farm |
| 9:40 | Build | Farm |
| 9:48 | Build | House |
| 9:48 | Build | House |
| 9:48 | Build | House |
| 9:54 | Create | Villager (Male) |
| 10:17 | Build | Farm |
| 10:58 | Build | Farm |
| 11:02 | Research | Feudal Age |
| 11:48 | Build | Mining Camp |
| 13:24 | Create | Villager (Male) |
| 13:25 | Create | Villager (Male) |
| 13:32 | Age | Feudal Age |
| 13:37 | Build | Blacksmith |
| 14:00 | Build | Farm |
| 14:21 | Research | Double-Bit Axe |
| 14:24 | Create | Villager (Male) |
| 14:43 | Research | Castle Age |
| 17:25 | Create | Villager (Male) |
| 17:25 | Create | Villager (Male) |
| 17:26 | Create | Villager (Male) |
| 17:29 | Age | Castle Age |
| 17:35 | Build | Town Center |
| 17:42 | Build | Town Center |
| 18:03 | Create | Villager (Male) |
| 18:03 | Create | Villager (Male) |
| 18:14 | Research | Bow Saw |
| 18:58 | Create | Villager (Male) |
| 18:58 | Create | Villager (Male) |
| 19:00 | Build | Farm |
| 19:05 | Create | Villager (Male) |
| 19:34 | Create | Villager (Male) |
| 19:36 | Create | Villager (Male) |
| 19:38 | Create | Villager (Male) |
| 19:39 | Create | Villager (Male) |
| 19:40 | Create | Villager (Male) |
| 20:04 | Build | Farm |
| 20:07 | Build | Farm |
| 20:09 | Create | Villager (Male) |
| 20:09 | Create | Villager (Male) |
| 20:09 | Create | Villager (Male) |
| 20:09 | Create | Villager (Male) |
| 20:09 | Create | Villager (Male) |
| 20:10 | Create | Villager (Male) |
| 20:10 | Create | Villager (Male) |
| 20:10 | Create | Villager (Male) |
| 20:18 | Build | Farm |
| 20:18 | Build | Farm |
| 20:18 | Build | Farm |
| 20:20 | Build | Farm |
| 20:29 | Build | House |
| 20:30 | Build | House |
| 20:30 | Build | House |
| 20:30 | Build | House |
| 20:31 | Build | House |
| 20:31 | Build | House |
| 20:31 | Build | House |
| 20:33 | Build | House |
| 21:11 | Build | House |
| 21:12 | Build | House |
| 21:13 | Build | House |
| 21:18 | Create | Villager (Male) |
| 21:18 | Create | Villager (Male) |
| 21:18 | Create | Villager (Male) |
| 21:18 | Create | Villager (Male) |
| 21:19 | Create | Villager (Male) |
| 21:19 | Create | Villager (Male) |
| 21:19 | Create | Villager (Male) |
| 21:32 | Research | Horse Collar |
| 21:54 | Build | Town Center |
| 22:02 | Build | Farm |
| 22:04 | Build | Farm |
| 22:07 | Create | Villager (Male) |
| 22:08 | Create | Villager (Male) |
| 22:08 | Create | Villager (Male) |
| 22:08 | Create | Villager (Male) |
| 22:08 | Create | Villager (Male) |
| 22:19 | Build | Farm |
| 22:28 | Build | Farm |
| 22:34 | Build | Farm |
| 22:37 | Create | Villager (Male) |
| 22:42 | Build | Farm |
| 22:42 | Build | Farm |
| 22:42 | Build | Farm |
| 22:44 | Build | Farm |
| 22:49 | Research | Loom |
| 22:50 | Create | Villager (Male) |
| 22:50 | Create | Villager (Male) |
| 22:55 | Build | Farm |
| 23:06 | Build | Farm |
| 23:19 | Build | Farm |
| 23:20 | Build | Farm |
| 23:20 | Build | Farm |
| 23:20 | Build | Farm |
| 23:20 | Build | Farm |
| 23:22 | Build | Farm |
| 23:27 | Create | Villager (Male) |
| 23:28 | Create | Villager (Male) |
| 23:28 | Create | Villager (Male) |
| 23:28 | Create | Villager (Male) |
| 23:28 | Create | Villager (Male) |
| 23:29 | Create | Villager (Male) |
Build order — wm_1938
First 150 of 390 actions detected
| 0:03 | Create | Villager (Male) |
| 0:03 | Create | Villager (Male) |
| 0:07 | Build | House |
| 0:42 | Create | Villager (Male) |
| 0:43 | Create | Villager (Male) |
| 0:43 | Create | Villager (Male) |
| 1:29 | Create | Villager (Male) |
| 1:29 | Create | Villager (Male) |
| 2:04 | Create | Villager (Male) |
| 2:04 | Create | Villager (Male) |
| 2:17 | Build | Lumber Camp |
| 2:28 | Create | Villager (Male) |
| 2:29 | Create | Villager (Male) |
| 2:44 | Build | House |
| 2:50 | Research | Loom |
| 3:20 | Create | Villager (Male) |
| 3:20 | Create | Villager (Male) |
| 3:20 | Create | Villager (Male) |
| 3:20 | Create | Villager (Male) |
| 3:21 | Create | Villager (Male) |
| 3:21 | Create | Villager (Male) |
| 3:44 | Create | Villager (Male) |
| 3:45 | Create | Villager (Male) |
| 3:54 | Create | Villager (Male) |
| 3:54 | Create | Villager (Male) |
| 4:33 | Build | House |
| 4:34 | Build | House |
| 4:53 | Create | Villager (Male) |
| 5:13 | Create | Villager (Male) |
| 5:13 | Create | Villager (Male) |
| 6:11 | Create | Villager (Male) |
| 6:12 | Create | Villager (Male) |
| 6:12 | Create | Villager (Male) |
| 7:04 | Build | Palisade Wall |
| 7:16 | Create | Villager (Male) |
| 8:28 | Build | Mill |
| 8:34 | Create | Villager (Male) |
| 8:34 | Create | Villager (Male) |
| 8:34 | Create | Villager (Male) |
| 8:35 | Create | Villager (Male) |
| 8:42 | Build | Mining Camp |
| 10:11 | Build | Palisade Wall |
| 10:13 | Build | Palisade Wall |
| 10:14 | Build | Palisade Wall |
| 10:15 | Build | Palisade Wall |
| 11:09 | Build | Palisade Wall |
| 11:14 | Build | Palisade Wall |
| 11:29 | Research | Feudal Age |
| 12:34 | Build | Lumber Camp |
| 13:16 | Create | Villager (Male) |
| 13:16 | Create | Villager (Male) |
| 13:39 | Age | Feudal Age |
| 13:48 | Build | Barracks |
| 14:07 | Build | Stone Wall |
| 14:13 | Create | Villager (Male) |
| 14:13 | Create | Villager (Male) |
| 14:23 | Create | Villager (Male) |
| 14:37 | Build | Market |
| 14:46 | Build | Blacksmith |
| 14:49 | Build | Farm |
| 14:54 | Build | House |
| 14:56 | Build | House |
| 14:57 | Build | House |
| 15:13 | Build | Gate |
| 15:28 | Build | Gate |
| 15:42 | Build | Farm |
| 15:43 | Build | Farm |
| 15:44 | Build | Farm |
| 15:51 | Build | Farm |
| 15:58 | Research | Double-Bit Axe |
| 16:21 | Build | Farm |
| 16:23 | Build | Farm |
| 16:26 | Create | Villager (Male) |
| 16:51 | Build | Farm |
| 17:22 | Build | Mining Camp |
| 17:30 | Research | Castle Age |
| 18:56 | Create | Villager (Male) |
| 18:56 | Create | Villager (Male) |
| 19:24 | Create | Villager (Male) |
| 19:24 | Create | Villager (Male) |
| 20:10 | Age | Castle Age |
| 20:20 | Build | Gate |
| 20:33 | Build | Monastery |
| 20:44 | Create | Villager (Male) |
| 20:56 | Build | Town Center |
| 20:59 | Create | Villager (Male) |
| 21:00 | Create | Villager (Male) |
| 21:00 | Create | Villager (Male) |
| 21:13 | Build | Town Center |
| 21:15 | Create | Villager (Male) |
| 21:16 | Create | Villager (Male) |
| 21:16 | Create | Villager (Male) |
| 21:16 | Create | Villager (Male) |
| 21:29 | Research | Fervor |
| 21:30 | Create | Monk |
| 21:31 | Create | Monk |
| 21:56 | Build | Gate |
| 22:00 | Build | Stone Wall |
| 22:00 | Build | Stone Wall |
| 22:01 | Build | Stone Wall |
| 22:02 | Build | Stone Wall |
| 22:04 | Build | Stone Wall |
| 22:06 | Build | Stone Wall |
| 22:06 | Build | Stone Wall |
| 22:08 | Build | Stone Wall |
| 22:09 | Build | Stone Wall |
| 22:11 | Build | Stone Wall |
| 22:13 | Build | Stone Wall |
| 22:13 | Build | Stone Wall |
| 22:14 | Build | Stone Wall |
| 22:25 | Create | Villager (Male) |
| 22:27 | Create | Villager (Male) |
| 22:30 | Create | Villager (Male) |
| 22:31 | Create | Villager (Male) |
| 22:34 | Create | Villager (Male) |
| 22:43 | Research | Horse Collar |
| 22:49 | Create | Villager (Male) |
| 22:49 | Create | Villager (Male) |
| 22:51 | Create | Villager (Male) |
| 22:51 | Create | Villager (Male) |
| 23:01 | Build | Lumber Camp |
| 23:08 | Build | Farm |
| 23:10 | Build | Farm |
| 23:11 | Build | Farm |
| 23:12 | Build | Farm |
| 23:23 | Build | Farm |
| 23:25 | Build | Farm |
| 23:26 | Build | Farm |
| 23:29 | Build | Farm |
| 23:30 | Build | Farm |
| 23:33 | Create | Villager (Male) |
| 23:34 | Create | Villager (Male) |
| 23:34 | Create | Villager (Male) |
| 23:53 | Create | Villager (Male) |
| 23:53 | Create | Villager (Male) |
| 23:57 | Build | Farm |
| 24:03 | Create | Villager (Male) |
| 24:03 | Create | Villager (Male) |
| 24:04 | Create | Villager (Male) |
| 24:07 | Build | Farm |
| 24:13 | Build | Farm |
| 24:16 | Build | Farm |
| 24:17 | Build | Farm |
| 24:18 | Build | Farm |
| 24:26 | Create | Villager (Male) |
| 24:55 | Build | House |
| 24:56 | Build | House |
| 24:58 | Build | House |
| 24:59 | Build | House |
| 25:01 | Build | House |
Build order — 完者都汗
First 150 of 356 actions detected
| 0:11 | Create | Villager (Male) |
| 0:12 | Research | Loom |
| 0:40 | Create | Villager (Male) |
| 0:41 | Create | Villager (Male) |
| 0:41 | Create | Villager (Male) |
| 0:41 | Create | Villager (Male) |
| 1:29 | Build | House |
| 1:34 | Build | House |
| 1:38 | Build | House |
| 1:46 | Build | House |
| 2:23 | Create | Villager (Male) |
| 2:23 | Create | Villager (Male) |
| 2:23 | Create | Villager (Male) |
| 2:24 | Create | Villager (Male) |
| 4:24 | Create | Villager (Male) |
| 4:25 | Create | Villager (Male) |
| 4:25 | Create | Villager (Male) |
| 4:25 | Create | Villager (Male) |
| 4:25 | Create | Villager (Male) |
| 4:31 | Build | Mining Camp |
| 4:43 | Build | Lumber Camp |
| 5:34 | Create | Villager (Male) |
| 5:34 | Create | Villager (Male) |
| 5:34 | Create | Villager (Male) |
| 5:35 | Create | Villager (Male) |
| 8:06 | Create | Villager (Male) |
| 8:06 | Create | Villager (Male) |
| 8:07 | Create | Villager (Male) |
| 8:07 | Create | Villager (Male) |
| 8:09 | Create | Villager (Male) |
| 8:10 | Create | Villager (Male) |
| 8:10 | Create | Villager (Male) |
| 8:11 | Create | Villager (Male) |
| 8:32 | Build | House |
| 8:33 | Build | House |
| 8:34 | Build | House |
| 11:07 | Build | Mill |
| 11:14 | Create | Villager (Male) |
| 11:14 | Create | Villager (Male) |
| 11:14 | Create | Villager (Male) |
| 11:15 | Create | Villager (Male) |
| 11:51 | Create | Villager (Male) |
| 11:51 | Create | Villager (Male) |
| 11:51 | Create | Villager (Male) |
| 11:51 | Create | Villager (Male) |
| 11:59 | Research | Feudal Age |
| 14:20 | Build | Mining Camp |
| 14:44 | Build | Outpost |
| 15:16 | Build | Outpost |
| 16:04 | Build | Farm |
| 16:05 | Build | Farm |
| 16:07 | Build | Farm |
| 16:11 | Build | Farm |
| 16:13 | Build | Farm |
| 16:15 | Build | Farm |
| 16:16 | Build | Farm |
| 16:56 | Age | Feudal Age |
| 17:03 | Research | Wheelbarrow |
| 17:04 | Create | Villager (Male) |
| 17:06 | Create | Villager (Male) |
| 17:17 | Build | Blacksmith |
| 18:00 | Build | Market |
| 18:39 | Research | Double-Bit Axe |
| 19:20 | Build | Lumber Camp |
| 19:23 | Research | Castle Age |
| 19:24 | Create | Villager (Male) |
| 19:25 | Create | Villager (Male) |
| 19:25 | Create | Villager (Male) |
| 19:25 | Create | Villager (Male) |
| 19:25 | Create | Villager (Male) |
| 19:49 | Research | Horse Collar |
| 20:57 | Research | Gold Mining |
| 21:22 | Create | Trade Cart |
| 21:23 | Create | Trade Cart |
| 21:25 | Create | Trade Cart |
| 21:27 | Create | Trade Cart |
| 21:59 | Build | Barracks |
| 22:03 | Age | Castle Age |
| 22:22 | Build | House |
| 22:26 | Research | Hand Cart |
| 22:39 | Build | House |
| 22:40 | Build | House |
| 22:48 | Research | Bow Saw |
| 22:56 | Research | Heavy Plow |
| 23:16 | Build | University |
| 23:32 | Create | Villager (Male) |
| 23:32 | Create | Villager (Male) |
| 23:32 | Create | Villager (Male) |
| 24:03 | Build | Town Center |
| 24:14 | Build | Farm |
| 24:41 | Build | Farm |
| 24:44 | Create | Villager (Male) |
| 25:15 | Research | Caravan |
| 25:28 | Build | Mining Camp |
| 25:37 | Build | Farm |
| 25:40 | Create | Villager (Male) |
| 25:43 | Create | Villager (Male) |
| 25:45 | Create | Villager (Male) |
| 25:54 | Create | Villager (Male) |
| 26:20 | Build | Farm |
| 26:28 | Build | Farm |
| 26:29 | Build | Farm |
| 26:30 | Build | Farm |
| 26:32 | Build | Farm |
| 26:33 | Build | Farm |
| 26:34 | Build | Farm |
| 26:35 | Build | Farm |
| 26:37 | Build | Farm |
| 26:42 | Create | Villager (Male) |
| 26:43 | Create | Villager (Male) |
| 26:43 | Create | Villager (Male) |
| 26:51 | Build | Farm |
| 26:52 | Build | Farm |
| 26:53 | Build | Farm |
| 26:54 | Build | Farm |
| 26:55 | Build | Farm |
| 26:57 | Build | Farm |
| 26:59 | Build | Farm |
| 27:01 | Build | Farm |
| 27:03 | Build | Farm |
| 27:08 | Create | Villager (Male) |
| 27:09 | Create | Villager (Male) |
| 27:09 | Create | Villager (Male) |
| 27:17 | Research | Ballistics |
| 27:46 | Build | Monastery |
| 28:08 | Create | Villager (Male) |
| 28:08 | Create | Villager (Male) |
| 28:13 | Research | Town Watch |
| 28:14 | Create | Villager (Male) |
| 28:15 | Create | Villager (Male) |
| 28:35 | Build | Lumber Camp |
| 28:47 | Create | Monk |
| 29:00 | Create | Villager (Male) |
| 29:01 | Create | Villager (Male) |
| 29:04 | Create | Villager (Male) |
| 29:23 | Create | Villager (Male) |
| 29:24 | Create | Villager (Male) |
| 29:24 | Create | Villager (Male) |
| 29:25 | Create | Villager (Male) |
| 29:25 | Create | Villager (Male) |
| 29:25 | Create | Villager (Male) |
| 29:29 | Create | Villager (Male) |
| 29:48 | Build | House |
| 29:49 | Build | House |
| 31:39 | Build | Farm |
| 31:46 | Create | Villager (Male) |
| 31:46 | Create | Villager (Male) |
| 31:47 | Create | Villager (Male) |
| 32:14 | Build | Castle |
| 32:21 | Build | Farm |
Build order — JEAN POUL
First 150 of 406 actions detected
| 0:03 | Create | Villager (Male) |
| 0:03 | Create | Villager (Male) |
| 0:04 | Create | Villager (Male) |
| 0:04 | Create | Villager (Male) |
| 0:04 | Create | Villager (Male) |
| 0:05 | Create | Villager (Male) |
| 0:06 | Build | House |
| 0:08 | Build | House |
| 2:04 | Research | Loom |
| 2:05 | Create | Villager (Male) |
| 2:05 | Create | Villager (Male) |
| 2:05 | Create | Villager (Male) |
| 2:06 | Create | Villager (Male) |
| 2:06 | Create | Villager (Male) |
| 2:40 | Create | Villager (Male) |
| 2:40 | Create | Villager (Male) |
| 2:40 | Create | Villager (Male) |
| 3:18 | Create | Villager (Male) |
| 3:18 | Create | Villager (Male) |
| 3:19 | Create | Villager (Male) |
| 4:27 | Create | Villager (Male) |
| 4:27 | Create | Villager (Male) |
| 4:28 | Create | Villager (Male) |
| 4:28 | Create | Villager (Male) |
| 4:28 | Create | Villager (Male) |
| 4:29 | Create | Villager (Male) |
| 4:41 | Build | House |
| 6:28 | Create | Villager (Male) |
| 6:28 | Create | Villager (Male) |
| 6:28 | Create | Villager (Male) |
| 6:29 | Create | Villager (Male) |
| 6:29 | Create | Villager (Male) |
| 6:29 | Create | Villager (Male) |
| 6:30 | Create | Villager (Male) |
| 7:01 | Build | House |
| 7:51 | Build | Mill |
| 9:02 | Build | Mill |
| 9:07 | Create | Villager (Male) |
| 9:08 | Create | Villager (Male) |
| 9:08 | Create | Villager (Male) |
| 9:08 | Create | Villager (Male) |
| 9:09 | Create | Villager (Male) |
| 9:09 | Create | Villager (Male) |
| 9:09 | Create | Villager (Male) |
| 9:10 | Create | Villager (Male) |
| 9:26 | Build | Lumber Camp |
| 10:04 | Build | House |
| 10:31 | Research | Feudal Age |
| 12:41 | Age | Feudal Age |
| 12:46 | Research | Double-Bit Axe |
| 12:49 | Research | Horse Collar |
| 13:00 | Research | Wheelbarrow |
| 13:27 | Research | Town Watch |
| 13:29 | Create | Villager (Male) |
| 13:30 | Create | Villager (Male) |
| 13:30 | Create | Villager (Male) |
| 13:30 | Create | Villager (Male) |
| 13:30 | Create | Villager (Male) |
| 13:31 | Create | Villager (Male) |
| 13:31 | Create | Villager (Male) |
| 13:48 | Build | Farm |
| 13:49 | Build | Farm |
| 13:49 | Build | Farm |
| 13:50 | Build | Farm |
| 13:50 | Build | Farm |
| 13:50 | Build | Farm |
| 13:51 | Build | Farm |
| 13:51 | Build | Farm |
| 13:51 | Build | Farm |
| 13:51 | Build | Farm |
| 13:52 | Build | Farm |
| 13:52 | Build | Farm |
| 13:52 | Build | Farm |
| 13:53 | Build | Farm |
| 13:53 | Build | Farm |
| 14:56 | Build | Mining Camp |
| 16:28 | Build | House |
| 16:29 | Build | House |
| 16:40 | Create | Villager (Male) |
| 16:40 | Create | Villager (Male) |
| 17:35 | Create | Villager (Male) |
| 17:44 | Research | Castle Age |
| 18:44 | Build | Market |
| 19:00 | Build | Blacksmith |
| 19:08 | Build | Stable |
| 19:13 | Build | Stable |
| 20:14 | Build | Farm |
| 20:14 | Build | Farm |
| 20:15 | Build | Farm |
| 20:16 | Build | Farm |
| 20:16 | Build | Farm |
| 20:16 | Build | Farm |
| 20:16 | Build | Farm |
| 20:17 | Build | Farm |
| 20:31 | Build | House |
| 20:32 | Build | House |
| 20:35 | Build | House |
| 20:37 | Build | House |
| 20:38 | Build | House |
| 20:38 | Build | House |
| 20:45 | Age | Castle Age |
| 20:49 | Research | Hand Cart |
| 20:53 | Research | Heavy Plow |
| 21:09 | Build | Town Center |
| 21:23 | Research | Bow Saw |
| 21:28 | Research | Gold Mining |
| 21:29 | Research | Stone Mining |
| 21:45 | Build | Monastery |
| 22:34 | Build | Town Center |
| 22:43 | Create | Monk |
| 22:43 | Create | Monk |
| 22:44 | Create | Monk |
| 22:44 | Create | Monk |
| 22:59 | Create | Villager (Male) |
| 23:00 | Create | Villager (Male) |
| 23:00 | Create | Villager (Male) |
| 23:00 | Create | Villager (Male) |
| 23:00 | Create | Villager (Male) |
| 23:17 | Create | Villager (Male) |
| 23:18 | Create | Villager (Male) |
| 23:18 | Create | Villager (Male) |
| 23:18 | Create | Villager (Male) |
| 23:19 | Create | Villager (Male) |
| 24:22 | Build | Palisade Wall |
| 24:23 | Build | Palisade Wall |
| 24:24 | Build | Palisade Wall |
| 24:24 | Build | Palisade Wall |
| 25:53 | Create | Villager (Male) |
| 25:54 | Create | Villager (Male) |
| 25:54 | Create | Villager (Male) |
| 25:54 | Create | Villager (Male) |
| 25:55 | Create | Villager (Male) |
| 25:55 | Create | Villager (Male) |
| 25:55 | Create | Villager (Male) |
| 25:55 | Create | Villager (Male) |
| 25:58 | Create | Villager (Male) |
| 25:58 | Create | Villager (Male) |
| 25:58 | Create | Villager (Male) |
| 25:59 | Create | Villager (Male) |
| 25:59 | Create | Villager (Male) |
| 26:01 | Create | Villager (Male) |
| 26:01 | Create | Villager (Male) |
| 26:01 | Create | Villager (Male) |
| 26:02 | Create | Villager (Male) |
| 26:02 | Create | Villager (Male) |
| 26:17 | Build | Farm |
| 26:18 | Build | Farm |
| 26:18 | Build | Farm |
| 26:18 | Build | Farm |
| 26:19 | Build | Farm |
Match timeline
| 5:08 | 大岩蛇变硬 · wall_segment Palisade Wall x4 |
| 5:18 | 大岩蛇变硬 · wall_segment Palisade Wall x32 |
| 7:04 | wm_1938 · wall_segment Palisade Wall x23 |
| 7:22 | Azula · wall_segment Palisade Wall x29 |
| 7:23 | 大岩蛇变硬 · wall_segment Palisade Wall x7 |
| 10:00 | Azula · first_building Barracks |
| 10:11 | wm_1938 · wall_segment Palisade Wall x1 |
| 10:13 | wm_1938 · wall_segment Palisade Wall x1 |
| 10:14 | wm_1938 · wall_segment Palisade Wall x1 |
| 10:15 | wm_1938 · wall_segment Palisade Wall x1 |
| 10:58 | 大岩蛇变硬 · wall_segment Palisade Wall x1 |
| 11:00 | 大岩蛇变硬 · age_up feudal |
| 11:09 | wm_1938 · wall_segment Palisade Wall x1 |
| 11:14 | wm_1938 · wall_segment Palisade Wall x1 |
| 11:34 | 169198821 · age_up feudal |
| 12:18 | 大岩蛇变硬 · wall_segment Palisade Wall x1 |
| 12:22 | Azula · age_up feudal |
| 12:25 | 大岩蛇变硬 · wall_segment Palisade Wall x1 |
| 12:35 | 大岩蛇变硬 · wall_segment Palisade Wall x1 |
| 12:41 | JEAN POUL · age_up feudal |
| 12:42 | Sky_二哥 · age_up feudal |
| 12:45 | 大岩蛇变硬 · wall_segment Palisade Wall x1 |
| 13:32 | ALANB · age_up feudal |
| 13:39 | wm_1938 · age_up feudal |
| 13:48 | wm_1938 · first_building Barracks |
| 13:56 | 大岩蛇变硬 · wall_segment Stone Wall x7 |
| 14:07 | wm_1938 · wall_segment Stone Wall x26 |
| 14:11 | Sky_二哥 · wall_segment Stone Wall x30 |
| 14:17 | Sky_二哥 · wall_segment Stone Wall x11 |
| 16:01 | Sky_二哥 · wall_segment Stone Wall x4 |
| 16:14 | 大岩蛇变硬 · wall_segment Stone Wall x15 |
| 16:56 | 完者都汗 · age_up feudal |
| 17:02 | Sky_二哥 · age_up castle |
| 17:28 | 大岩蛇变硬 · first_building Barracks |
| 17:29 | ALANB · age_up castle |
| 18:31 | 大岩蛇变硬 · wall_segment Stone Wall x9 |
| 19:08 | JEAN POUL · first_building Stable |
| 20:10 | wm_1938 · age_up castle |
| 20:33 | wm_1938 · first_building Monastery |
| 20:45 | JEAN POUL · age_up castle |
| 21:09 | Azula · first_market_buy 100 wood |
| 21:19 | Azula · age_up castle |
| 21:45 | JEAN POUL · first_building Monastery |
| 21:59 | 完者都汗 · first_building Barracks |
| 22:00 | wm_1938 · wall_segment Stone Wall x1 |
| 22:00 | wm_1938 · wall_segment Stone Wall x1 |
| 22:01 | wm_1938 · wall_segment Stone Wall x1 |
| 22:02 | wm_1938 · wall_segment Stone Wall x1 |
| 22:03 | 完者都汗 · age_up castle |
| 22:04 | wm_1938 · wall_segment Stone Wall x1 |
| 22:06 | wm_1938 · wall_segment Stone Wall x1 |
| 22:06 | wm_1938 · wall_segment Stone Wall x1 |
| 22:08 | wm_1938 · wall_segment Stone Wall x1 |
| 22:09 | wm_1938 · wall_segment Stone Wall x1 |
| 22:11 | wm_1938 · wall_segment Stone Wall x1 |
| 22:13 | wm_1938 · wall_segment Stone Wall x1 |
| 22:13 | wm_1938 · wall_segment Stone Wall x1 |
| 22:14 | wm_1938 · wall_segment Stone Wall x1 |
| 22:39 | 大岩蛇变硬 · age_up castle |
| 22:52 | Sky_二哥 · first_building Castle |
| 22:52 | Azula · first_market_sell 100 food |
| 24:22 | JEAN POUL · wall_segment Palisade Wall x1 |
| 24:23 | JEAN POUL · wall_segment Palisade Wall x1 |
| 24:24 | JEAN POUL · wall_segment Palisade Wall x1 |
| 24:24 | JEAN POUL · wall_segment Palisade Wall x1 |
| 25:45 | wm_1938 · wall_segment Stone Wall x1 |
| 26:42 | Azula · first_building Monastery |
| 27:22 | 大岩蛇变硬 · first_building Monastery |
| 27:46 | 完者都汗 · first_building Monastery |
| 28:18 | Sky_二哥 · first_market_buy 100 food |
| 28:30 | wm_1938 · first_building Castle |
| 28:58 | 大岩蛇变硬 · first_building Castle |
| 28:59 | JEAN POUL · first_building Siege Workshop |
| 29:17 | 169198821 · age_up castle |
| 30:09 | 169198821 · first_building Monastery |
| 31:02 | ALANB · first_building Castle |
| 31:30 | Sky_二哥 · first_building Barracks |
| 31:57 | 169198821 · first_building Castle |
| 32:14 | 完者都汗 · first_building Castle |
| 32:27 | Azula · age_up imperial |
| 32:40 | Azula · first_building Castle |
| 32:48 | Sky_二哥 · age_up imperial |
| 32:55 | 169198821 · first_building Siege Workshop |
| 33:01 | wm_1938 · first_building Siege Workshop |
| 33:45 | ALANB · age_up imperial |
| 34:18 | Sky_二哥 · first_market_sell 100 food |
| 34:23 | wm_1938 · age_up imperial |
| 34:47 | 169198821 · first_building Barracks |
| 34:47 | ALANB · first_building Siege Workshop |
| 34:53 | ALANB · first_building Stable |
| 35:10 | JEAN POUL · first_market_buy 100 stone |
| 35:34 | JEAN POUL · first_building Castle |
| 35:48 | 169198821 · age_up imperial |
| 35:50 | 大岩蛇变硬 · first_building Archery Range |
| 36:19 | JEAN POUL · age_up imperial |
| 36:19 | 大岩蛇变硬 · first_building Stable |
| 37:00 | ALANB · first_building Barracks |
| 37:02 | ALANB · first_building Archery Range |
| 37:41 | 完者都汗 · age_up imperial |
| 38:26 | 完者都汗 · wall_segment Stone Wall x19 |
| 38:56 | 完者都汗 · wall_segment Stone Wall x9 |
| 41:03 | 完者都汗 · wall_segment Stone Wall x9 |
| 42:24 | 完者都汗 · first_building Stable |
| 42:34 | 大岩蛇变硬 · first_market_sell 500 food |
| 44:25 | Sky_二哥 · first_building Stable |
| 46:07 | 大岩蛇变硬 · age_up imperial |
| 46:50 | wm_1938 · first_market_buy 100 stone |
| 49:06 | JEAN POUL · first_building Archery Range |
| 49:17 | JEAN POUL · first_building Barracks |
| 49:23 | ALANB · resign |
| 50:30 | 完者都汗 · first_market_buy 100 stone |
| 54:17 | Sky_二哥 · first_building Archery Range |
| 54:57 | JEAN POUL · first_market_sell 500 stone |
[ AI ANALYSIS · 1 CREDIT ]
What really happened in this match?
Wolo.gg analyzes every decision: build order, eco, micro, common mistakes by bracket. Personalized analysis on WhatsApp or Discord in 30 seconds.
Civ guide
Bohemians
Perfil
Jugador #11293061